 Dungeon Crawl Stone Soup version 0.32-a0-699-g1ee5eff69a (webtiles) character file.

Game seed: 9906660753903100207

1800151 adelrune the Slayer (level 26, 227/227 HPs)
             Began as a Coglin Hunter on Mar 13, 2024.
             Was a High Priest of Hepliaklqana.
             Escaped with the Orb
             ... and 3 runes!
             The game lasted 03:41:30 (56769 turns).

adelrune the Slayer (Coglin Hunter)                Turns: 56769, Time: 03:41:31

Health: 227/227    AC: 12    Str: 18    XL:     26   Next: 26%
Magic:  35/35      EV: 31    Int: 11    God:    Hepliaklqana [*****.]
Gold:   5721       SH:  0    Dex: 26    Spells: 16/25 levels left

rFire   + . .        c - +9 hand cannon (heavy) {Ulrike}
rCold   + . .        w - +9 hand cannon (elec) {Tamao}
rNeg    . . .        Z - +5 moon troll leather armour {Spirit, Regen++ MP+5}
rPois   +            (helmet restricted)
rElec   .            Q - scarf {rC+ rF+}
rCorr   +            T - +2 pair of gloves {Dex+3}
SInv    .            (no boots)
Will    ++...        (amulet unavailable)
Stlth   ++           (ring unavailable)
HPRegen 2.17/turn    (ring unavailable)
MPRegen 0.24/turn    d - emergency dynamo {rPois Will+ rCorr Clar RMsl}

%: repel missiles, clarity, guardian spirit
@: studying Fire Magic
A: reduced essence, off-hand wielding, slow wielding, warmup strikes, no
jewellery, horns 1, camouflage 1, clarity, robust 1, inhibited regeneration,
strong 1, subdued magic 1
0: Orb of Zot
}: 3/15 runes: barnacled, slimy, gossamer
a: Renounce Religion, Recall Ancestor, Ancestor Identity, Transference, Idealise


You escaped.
You worshipped Hepliaklqana.
Hepliaklqana was extremely pleased with you.
You visited 11 branches of the dungeon, and saw 51 of its levels.
You also visited: Ossuary, Bailey, Gauntlet and Wizlab.

You collected 7766 gold pieces.
You spent 2045 gold pieces at shops.

Inventory:

Hand Weapons
 c - a +9 heavy hand cannon (weapon) {Ulrike}
 w - a +9 hand cannon of electrocution (offhand) {Tamao}
 H - the +10 longbow "Qerac Ilo" {speed, rElec Int+4}
   (You acquired it in a bailey)

   Int+4:     It affects your intelligence (+4).
   rElec:     It insulates you from electricity.
 V - a +2 heavy sling {Chinhae}
Missiles
 D - 3 throwing nets
Armour
 r - the +4 ring mail "Zewafikoa" {*Corrode Fly Regen+ Slay+5}
   (You found it on level 3 of the Dungeon)

   Slay+5:    It affects your accuracy & damage with ranged weapons and melee
   (+5).
   Fly:       It grants you flight.
   Regen+:    It increases your rate of health regeneration.
   *Corrode:  It may corrode you when you take damage.
 y - the +4 ring mail "Nanuv" {rElec rPois Dex-5 SInv}
   (You bought it in a shop on level 1 of the Orcish Mines)

   Dex-5:     It affects your dexterity (-5).
   rElec:     It insulates you from electricity.
   rPois:     It protects you from poison.
   SInv:      It lets you see invisible.
 K - a +2 helmet of see invisible
 N - a +2 pair of boots of stealth
 Q - a scarf of resistance (worn)
 T - a +2 pair of gloves of dexterity (worn)
 Z - the +5 moon troll leather armour (worn) {Spirit, Regen++ MP+5}
   (You took it off a moon troll in a wizard's laboratory)

   MP+5:      It affects your magic capacity (+5).
   Regen++:   It increases your rate of health regeneration.
Gizmo
 d - an emergency dynamo (installed) {rPois Will+ rCorr Clar RMsl}
   (You invented it yourself on level 5 of the Lair of Beasts)

   [emergency dynamo]

   rPois:     It protects you from poison.
   Will+:     It increases your willpower.
   Clar:      It protects you from confusion, rage, mesmerisation and fear.
   RMsl:      It protects you from missiles.
   rCorr:     It protects you from acid and corrosion.
Wands
 j - a wand of iceblast (46)
 v - a wand of digging (16)
 A - a wand of paralysis (36)
 L - a wand of flame (69)
 P - a wand of quicksilver (20)
 W - a wand of polymorph (10)
 X - a wand of mindburst (22)
Scrolls
 a - 3 scrolls of enchant weapon
 b - 5 scrolls of poison
 f - 17 scrolls of teleportation
 n - 12 scrolls of amnesia
 o - 4 scrolls of revelation
 q - 3 scrolls of silence
 u - 4 scrolls of enchant armour
 C - 8 scrolls of noise
 E - 2 scrolls of blinking
 G - 5 scrolls of fog
 J - 5 scrolls of fear
 R - 4 scrolls of immolation
 S - 6 scrolls of vulnerability
 U - a scroll of brand weapon
Potions
 e - 6 potions of mutation
 g - 4 potions of heal wounds
 h - 12 potions of might
 i - 7 potions of attraction
 k - 7 potions of lignification
 l - 11 potions of brilliance
 m - 8 potions of resistance
 p - 5 potions of cancellation
 s - 3 potions of berserk rage
 t - 6 potions of ambrosia
 x - 3 potions of degeneration
 z - 7 potions of magic
 B - 5 potions of enlightenment
 F - 4 potions of invisibility
 I - 22 potions of curing
 M - a potion of haste
Miscellaneous
 O - a phial of floods
 Y - a phantom mirror


   Skills:
 + Level 22.9 Fighting
 - Level 20.0 Ranged Weapons
 - Level 7.6 Armour
 + Level 21.3 Dodging
 - Level 9.0 Stealth
 - Level 12.0 Hexes
 - Level 8.0 Necromancy
 - Level 12.0 Translocations
 - Level 10.0 Invocations
 - Level 12.0 Evocations


You had 16 spell levels left.
You knew the following spells:

 Your Spells              Type           Power      Damage    Failure   Level
a - Blink                 Tloc           40%        N/A       1%          2
b - Dimensional Bullseye  Hex/Tloc       10%        N/A       2%          4
c - Fugue of the Fallen   Necr           13%        N/A       3%          3

Your spell library contained the following spells:

 Spells                   Type           Power      Damage    Failure   Level
 Confusing Touch          Hex            20%        N/A       1%          3
 Gell's Gravitas          Tloc           20%        N/A       1%          3
 Sigil of Binding         Hex            20%        N/A       1%          3
 Teleport Other           Tloc           20%        N/A       1%          3
 Tukima's Dance           Hex            20%        N/A       1%          3
 Ensorcelled Hibernation  Hex/Ice        20%        N/A       4%          2
 Anguish                  Hex/Necr       8%         N/A       5%          4
 Kiss of Death            Conj/Necr      24%        2d7       6%          1
 Dazzling Flash           Conj/Hex       20%        N/A       9%          3
 Animate Dead             Necr           13%        N/A       13%         4
 Dispel Undead            Necr           13%        3d9       13%         4
 Cigotuvi's Dreadful Rot  Necr/Alch/Air  8%         N/A       17%         2
 Iskenderun's Mystic Bla  Conj/Tloc      10%        2d4       30%         4
 Vhi's Electric Charge    Tloc/Air       20%        N/A       30%         4
 Freeze                   Ice            0%         1d3       34%         1
 Magic Dart               Conj           0%         1d3       34%         1
 Sting                    Conj/Alch      0%         1d3       34%         1
 Summon Small Mammal      Summ           0%         N/A       34%         1
 Curse of Agony           Necr           13%        N/A       34%         5
 Dispersal                Tloc           10%        N/A       36%         6
 Call Imp                 Summ           0%         N/A       47%         2
 Mercury Vapours          Alch/Air       0%         N/A       47%         2
 Scorch                   Fire           0%         2d5       47%         2
 Metabolic Englaciation   Hex/Ice        5%         N/A       63%         5
 Silence                  Hex/Air        5%         N/A       63%         5
 Call Canine Familiar     Summ           0%         N/A       73%         3
 Frozen Ramparts          Ice            0%         1d1       73%         3
 Hailstorm                Conj/Ice       0%         3d5       73%         3
 Mephitic Cloud           Conj/Alch/Air  0%         N/A       73%         3
 Passwall                 Erth           0%         N/A       73%         3
 Stone Arrow              Conj/Erth      0%         3d7       73%         3
 Swiftness                Air            0%         N/A       73%         3
 Animate Armour           Summ/Erth      0%         N/A       98%         4
 Flame Wave               Conj/Fire      0%         2d4       98%         4
 Ignite Poison            Fire/Alch      0%         N/A       98%         4
 Leda's Liquefaction      Alch/Erth      0%         N/A       98%         4
 Olgreb's Toxic Radiance  Alch           0%         N/A       98%         4
 Petrify                  Alch/Erth      0%         N/A       98%         4
 Sticky Flame             Fire/Alch      0%         2d4       98%         4
 Summon Blazeheart Golem  Fire/Summ      0%         N/A       98%         4
 Arcjolt                  Conj/Air       0%         1d10      100%        5
 Freezing Cloud           Conj/Ice/Air   0%         6-21      100%        5
 Bombard                  Conj/Erth      0%         9d1       100%        6
 Conjure Ball Lightning   Conj/Air       0%         3x3d6     100%        6
 Plasma Beam              Fire/Air       0%         2x1d10    100%        6
 Sculpt Simulacrum        Ice/Alch       0%         N/A       100%        6
 Starburst                Conj/Fire      0%         6d3       100%        6
 Summon Cactus Giant      Summ           0%         N/A       100%        6
 Haunt                    Necr/Summ      3%         N/A       100%        7
 Monstrous Menagerie      Summ           0%         N/A       100%        7
 Ozocubu's Refrigeration  Ice            0%         4d7       100%        7
 Discord                  Hex            10%        N/A       100%        8
 Disjunction              Tloc           10%        N/A       100%        8
 Ignition                 Fire           0%         3d3       100%        8
 Infestation              Necr           6%         N/A       100%        8
 Lehudib's Crystal Spear  Conj/Erth      0%         10d2      100%        8
 Maxwell's Capacitive Co  Air            0%         ∞         100%        8
 Fire Storm               Conj/Fire      0%         5d1       100%        9
 Polar Vortex             Ice            0%         N/A       100%        9


Dungeon Overview and Level Annotations

Branches:
Dungeon (15/15)            Temple (1/1) D:5            Lair (5/5) D:10
 Shoals (4/4) Lair:2       Spider (4/4) Lair:2        Slime (5/5) Lair:5
    Orc (2/2) D:9             Elf (2/3) Orc:2        Vaults (4/5) D:14
  Crypt (0/3) Vaults:2     Depths (4/4) D:15            Zot (5/5) Depths:4
Ossuary (visited)          Bailey (visited)          WizLab (visited)
Gauntlet (visited)

Altars:
Ashenzari
Cheibriados
Dithmenos
Elyvilon
Fedhas
Gozag
Hepliaklqana
Kikubaaqudgha
Makhleb
Nemelex Xobeh
Okawaru
Qazlal
Ru
Sif Muna
Trog
Uskayaw
Vehumet
Wu Jian
Xom
Yredelemnul
Zin
The Shining One
Jiyva
Lugonu

Shops:
D:9 :   D:11 (   Orc:1 :[   Orc:2 [*[(   Elf:1 !**   Elf:2 :=:   Shoals:3 (
Vaults:1 (:===   Vaults:3 *

Portals:
Hell: Depths:1 Depths:2 Depths:3 Depths:4
Abyss: Depths:3
Pandemonium: Depths:2 Depths:4
Ziggurat: Depths:4

Annotations:
D:9 2 transporters
D:15 1 runed translucent door
Depths:2 exclusion: door
Depths:3 3 runed translucent doors, Cein's ghost, veteran DgCj; cjoo's ghost, veteran TeSu
Zot:4 2 transporters, exclusion: downstairs


Innate Abilities, Weirdness & Mutations

Your life essence is reduced to manifest your ancestor. (-10% HP)
You can wield a second weapon in your off-hand.
It takes a long time for you to wield or remove held weapons.
Your first few attacks do less damage.
You cannot equip rings or amulets.
You have a pair of small horns on your head.
Your skin changes colour to match your surroundings (Stealth+).
You possess an exceptional clarity of mind.
You are robust. (+10% HP)
You do not regenerate when monsters are visible.
Your muscles are strong. (Str +4, Int/Dex -1)
Your spells are a little easier to cast, but a little less powerful.


Message History

There is a stone staircase leading up here.
You climb upwards.
There is a stone staircase leading down here.
You see here an adder skeleton.
There is a stone staircase leading up here.
You climb upwards.
There is a stone staircase leading down here.
You swap places.
You see here a +0 club.
There is a stone staircase leading up here.
You climb upwards.
There is a stone staircase leading down here.
There is a stone staircase leading up here.
You climb upwards.
There is a stone staircase leading down here.
There is a stone staircase leading down here.
Things that are here:
a +0 short sword; an orc skeleton
Things that are here:
a +0 club; a +0 robe; an orc skeleton
There is an escape hatch in the ceiling here.
A mysterious force pulls you upwards. The hatch slams shut behind you.
You swap places.
A shadow demon comes into view.
The shadow demon croaks.
You see here 3 large rocks.
You shoot a slug. The slug hits the shadow demon!!
Lightning courses through the shadow demon!
The shadow demon is severely wounded.
You shoot a slug. The slug hits the shadow demon!
The shadow demon is almost dead.
You shoot a slug. The slug hits the shadow demon!!
You kill the shadow demon!
You shoot a slug.
What level of the Dungeon? (default 1, ? - help)
There is a stone staircase leading up here.
You climb upwards.
There is a stone staircase leading down here.
There is a staircase leading out of the dungeon here.
You have escaped!

#ß##...# #.. #.##...# ##.
###.###### #. ###.....###
## #.........# ##########
##.....)...###ß##ß##ß##
#.ß.............[......
####.............^........
#ß.......@R...............
####......................
#.ß....................
##.........###ß##ß##ß##
#.........# ##########
###.....### ###.### #.#
#ß#


You could see the friendly Qeorer the battlemage.

Vanquished Creatures
  the Royal Jelly (Slime:5)
  4 orbs of fire (Zot:5)
  5 ancient liches (Zot:5)
  A juggernaut (Depths:4)
  Vv (Depths:2)
  4 Killer Klowns (Zot:5)
  A curse toe (Zot:5)
  4 golden dragons
  A pandemonium lord (Zot:1)
  Norris (Vaults:1)
  An electric golem (Zot:5)
  A walking crystal tome (Depths:4)
  A tentacled monstrosity (Depths:4)
  A moon troll (WizLab)
  Rupert (D:15)
  2 liches
  Asterion (Vaults:1)
  13 Orb Guardians
  4 krakens
  18 acid blobs
  2 sphinxes (Shoals:4)
  3 death cobs
  7 tentacled starspawn (WizLab)
  3 storm dragons
  2 tengu reavers
  2 azure jellies
  2 rockslimes
  4 ghost moths
  8 emperor scorpions
  2 draconian monks
  6 frost giants
  A draconian knight (Zot:5)
  2 draconian shifters
  6 vault wardens
  Louise (D:15)
  A reaper (Depths:4)
  2 very ugly things
  A cacodemon (D:15)
  2 orc warlords
  7 stone giants
  6 ironbound thunderhulks
  7 ironbound preservers
  A broodmother (Spider:3)
  A demonspawn corrupter (D:15)
  5 formless jellyfish
  5 quicksilver oozes
  A spriggan defender (Depths:3)
  A deep elf death mage (Elf:1)
  3 black draconians
  2 green draconians (Zot:5)
  2 lorocyprocas
  3 dire elephants (Vaults:2)
  5 white draconians
  8 spark wasps
  2 minotaurs
  3 red draconians
  A yellow draconian (Depths:4)
  4 merfolk javelineers
  5 crystal guardians
  Josephine (D:11)
  3 fire dragons
  3 ettins
  6 great orbs of eyes
  7 merfolk impalers
  8 entropy weavers
  2 deep elf high priests
  3 ice dragons
  6 yaktaur captains
  2 vault guards
  2 rakshasas (Depths:3)
  6 ironbound frosthearts
  3 peacekeepers
  7 hydras
  3 ogre magi
  A hell beast (Depths:4)
  3 merfolk avatars
  3 radroaches
  5 boulder beetles
  3 centaur warriors (Vaults:2)
  A catoblepas (Lair:5)
  18 dancing weapons (Elf:2)
  A spriggan air mage (Depths:3)
  2 alligator snapping turtles
  8 satyrs (Shoals:4)
  8 demonic crawlers
  A tengu warrior (D:13)
  3 death yaks (Lair:3)
  2 merfolk aquamancers
  12 two-headed ogres
  4 deep troll earth magi
  7 deep troll shamans
  A spriggan berserker (Depths:4)
  3 iron trolls
  2 sun demons
  The ghost of BubbleThief the Covert, a novice KoBr (D:6)
  6 deep elf knights
  A fire crab (shapeshifter) (D:14)
  4 skysharks
  A skyshark (shapeshifter) (Depths:2)
  A sixfirhy (Zot:2)
  4 pharaoh ants
  5 sea snakes
  8 orb spiders
  2 shadow demons
  6 glowing orange brains
  3 deep elf archers (Elf:1)
  6 arcanists
  39 deep trolls
  A flayed ghost (Depths:3)
  2 phantasmal warriors
  10 ironbound convokers
  7 lindwurms
  7 orc knights
  12 deep elf pyromancers
  2 orange crystal statues
  A steelbarb worm (shapeshifter) (Depths:4)
  The ghost of GreenGuy14 the Chopper, a novice MiFi of Beogh (D:5)
  3 necromancers
  8 steelbarb worms
  20 harpies
  A lightning spire (Gauntlet)
  A sun moth (Spider:3)
  17 deep elf zephyrmancers
  14 wolf spiders
  A stone giant zombie (Depths:1)
  A frost giant zombie (Depths:1)
  5 cyclopes
  An oklob plant (Gauntlet)
  2 human skeletons (Vaults:3)
  14 fauns
  3 orc sorcerers (Vaults:1)
  14 manticores
  4 shining eyes
  9 moths of wrath
  21 ugly things
  4 merfolk sirens
  5 eyes of devastation (WizLab)
  5 black mambas
  An ice statue (D:10)
  Joseph (D:7)
  An elephant (shapeshifter) (Depths:2)
  4 meliai
  2 rust devils
  4 torpor snails
  2 water nymphs (Shoals:3)
  13 vault sentinels
  A smoke demon (Depths:4)
  An orange demon (D:10)
  11 cane toads
  A gargoyle (D:12)
  Jeremiah (D:6)
  A minotaur zombie (Gauntlet)
  5 rime drakes
  3 tengu conjurers
  An ice devil (Orc:1)
  23 yaktaurs
  A tormentor (D:11)
  2 freezing wraiths
  6 komodo dragons
  An efreet (D:15)
  A hellwing (Depths:1)
  30 merfolk
  10 trolls
  11 tarantellas
  2 glass eyes
  A raiju (Gauntlet)
  15 blink frogs
  6 hornets
  6 wind drakes
  4 dream sheep
  An ettin zombie (Vaults:3)
  20 jumping spiders
  4 snapping turtles
  8 water elementals
  Sigmund (D:3)
  69 slime creatures
  An air elemental (Orc:2)
  10 culicivoras
  4 shadows
  2 vampires (Vaults:2)
  7 wyverns
  35 yaks
  5 wraiths (D:11)
  7 golden eyes
  5 basilisks
  6 starcursed masses (WizLab)
  2 neqoxecs
  38 redbacks
  2 steam dragons
  A steam dragon (shapeshifter) (D:14)
  A redback simulacrum (D:14)
  12 vampire mosquitoes
  3 wargs
  Menkaure (D:4)
  A swamp worm (shapeshifter) (Depths:3)
  5 acid dragons
  A glowing shapeshifter skeleton (Vaults:3)
  15 water moccasins
  28 orc warriors
  A meliai simulacrum (D:15)
  A black bear (shapeshifter) (D:14)
  2 sky beasts
  3 laughing skulls (D:15)
  A black bear (D:6)
  14 wolves
  3 boggarts (Vaults:3)
  22 ogres
  7 centaurs
  2 phantoms
  A weeping skull (Ossuary)
  2 kobold brigands (D:10)
  An elf zombie (Ossuary)
  8 bullfrogs
  6 scorpions
  3 gnoll sergeants
  2 wights (D:7)
  A burial acolyte (Ossuary)
  8 killer bees
  4 electric eels
  8 howler monkeys
  3 bombardier beetles
  A centaur zombie (Ossuary)
  8 orc priests
  4 hounds
  4 iguanas
  10 orc wizards
  Natasha (twice) (D:4)
  A hell rat (Lair:5)
  2 mummies (Ossuary)
  13 gnolls
  7 adders
  2 white imps
  2 adder zombies (Ossuary)
  2 dart slugs
  2 ribbon worms
  62 orcs
  2 ball pythons (D:4)
  7 endoplasms
  A giant cockroach (D:4)
  A gnoll zombie (Ossuary)
  8 hobgoblins
  21 kobolds
  3 quokkas (D:5)
  6 bats
  3 frilled lizards
  23 goblins
  3 rats
  4 starspawn tentacles (WizLab)
  10 tentacles
1412 creatures vanquished.

Vanquished Creatures (collateral kills)
  3 ancient liches (Zot:5)
  2 orbs of fire (Zot:5)
  A juggernaut (Depths:2)
  Saint Roka (Vaults:1)
  A curse toe (Zot:1)
  6 golden dragons
  An electric golem (Zot:5)
  4 tentacled monstrosities
  Jorgrun (Shoals:1)
  A lich (Zot:1)
  An Ice Fiend (Zot:1)
  Zenata (Vaults:2)
  A titan (Vaults:3)
  16 Orb Guardians
  A quicksilver dragon (Zot:3)
  8 acid blobs
  2 sphinxes
  2 tentacled starspawn (WizLab)
  A death cob (Zot:1)
  A kraken (Shoals:3)
  A shadow dragon (Zot:4)
  3 storm dragons
  4 azure jellies
  A rockslime (Slime:4)
  Donald (Vaults:1)
  A frost giant (Depths:1)
  6 vault wardens
  A ghost moth (Spider:3)
  A fire giant (Depths:3)
  A cacodemon (WizLab)
  A balrug (Depths:1)
  2 draconian stormcallers (Zot:5)
  3 orc warlords
  A demonspawn corrupter (Zot:3)
  7 ironbound preservers
  6 formless jellyfish
  2 ironbound thunderhulks (Vaults:3)
  A spriggan defender (Depths:4)
  3 very ugly things
  The ghost of retardedninja the Severer, a journeyman CoFi of Hepliaklqana (Lair:5)
  4 stone giants
  A draconian annihilator (Zot:4)
  6 quicksilver oozes
  2 deep elf demonologists
  A vampire knight (Vaults:2)
  2 green draconians
  A lorocyproca (Zot:5)
  4 black draconians
  3 dire elephants
  A yellow draconian (Zot:5)
  2 white draconians (Zot:5)
  2 purple draconians (Zot:5)
  A minotaur (Shoals:4)
  3 red draconians
  2 deep elf death magi (Vaults:4)
  A war gargoyle (WizLab)
  4 spark wasps
  6 ettins
  A crystal guardian (Vaults:3)
  A blizzard demon (D:14)
  2 merfolk impalers
  A fire dragon (Depths:4)
  A deep elf high priest (Elf:1)
  A merfolk javelineer (Shoals:2)
  2 yaktaur captains
  2 jiangshi (Depths:2)
  2 rakshasas (Depths:2)
  A great orb of eyes (Slime:2)
  2 entropy weavers
  3 hydras (Lair:5)
  An ironbound frostheart (Vaults:3)
  An ogre mage (Orc:2)
  A jorogumo (Spider:3)
  4 vault guards
  2 catoblepae
  3 ice dragons
  2 spriggan air magi
  2 boulder beetles
  4 centaur warriors
  9 dancing weapons
  A merfolk aquamancer (Shoals:1)
  2 death yaks (Lair:3)
  2 deep troll earth magi
  5 satyrs (Shoals:4)
  2 vampire magi (Depths:2)
  4 deep troll shamans
  4 alligator snapping turtles
  The ghost of backslashecho the Cleaver, a novice MDFi (D:8)
  3 demonic crawlers
  3 tengu warriors
  A spriggan berserker (Depths:4)
  An orc high priest (Vaults:1)
  2 sun demons
  2 skysharks (Vaults:1)
  5 deep elf knights
  A fire crab (Lair:5)
  2 iron trolls
  A wretched star (WizLab)
  3 pharaoh ants
  An orange crystal statue (WizLab)
  2 glowing orange brains (WizLab)
  An arcanist (Vaults:4)
  26 deep trolls
  4 orb spiders
  5 ironbound convokers
  4 deep elf archers
  8 lindwurms
  5 deep elf zephyrmancers
  7 orc knights
  3 deep elf pyromancers
  9 harpies
  4 fauns
  6 manticores
  4 moths of wrath
  16 ugly things
  3 wolf spiders
  4 merfolk sirens
  4 vault sentinels
  3 meliai
  A guardian serpent (shapeshifter) (D:14)
  A torpor snail (Spider:2)
  3 black mambas
  6 cane toads
  A rime drake (Lair:5)
  A komodo dragon (Lair:1)
  An ice devil (Orc:1)
  8 yaktaurs
  3 trolls (Orc:1)
  A troll (shapeshifter) (Elf:1)
  A wind drake (Shoals:1)
  12 merfolk
  10 blink frogs
  6 tarantellas
  3 snapping turtles
  A frost giant simulacrum (Depths:1)
  8 dream sheep
  A glass eye (Slime:3)
  9 culicivoras
  44 slime creatures
  An air elemental (Elf:1)
  A vampire (Vaults:2)
  12 jumping spiders
  A water elemental (Shoals:4)
  A spriggan skeleton (Depths:1)
  A shadow (D:11)
  A basilisk (Lair:1)
  14 yaks
  28 redbacks
  A human simulacrum (Vaults:3)
  3 vampire mosquitoes
  A fire elemental (Elf:1)
  Grum (Lair:1)
  A neqoxec (WizLab)
  An acid dragon (D:14)
  4 water moccasins
  7 orc warriors
  A sky beast (D:8)
  A laughing skull (D:15)
  7 ogres
  4 wolves
  A boggart (D:14)
  A kobold brigand (D:10)
  2 bullfrogs
  An earth elemental (Elf:1)
  A wight (D:7)
  2 killer bees (D:10)
  A hound (D:7)
  3 orc priests
  A starcursed mass (WizLab)
  An adder (D:5)
  3 gnolls (D:11)
  18 orcs
  6 goblins
  2 kobolds (Bailey)
  4 starspawn tentacles (WizLab)
  2 tentacles
622 creatures vanquished.

Vanquished Creatures (others)
  A fire giant (Depths:2)
  A draconian knight (Zot:4)
  A deep troll shaman (Depths:2)
  A shadow wraith (Depths:3)
  An arcanist (D:8)
  A tarantella (Spider:3)
  70 battlemagi
  An ancestor (D:7)
  11 starspawn tentacles (WizLab)
  48 tentacles
136 creatures vanquished.

Grand Total: 2170 creatures vanquished

Notes
Turn   | Place    | Note
-------+----------+-------------------------------------------
     0 | D:1      | adelrune the Coglin Hunter began the quest for the Orb.
     0 | D:1      | Reached XP level 1. HP: 16/16 MP: 1/1
   216 | D:1      | Reached XP level 2. HP: 22/22 MP: 2/2
   446 | D:2      | Reached XP level 3. HP: 28/28 MP: 3/3
   630 | D:2      | Reached XP level 4. HP: 34/34 MP: 4/4
   821 | D:3      | Noticed Sigmund
   832 | D:3      | Killed Sigmund
   833 | D:3      | Reached skill level 3 in Fighting
   833 | D:3      | Reached skill level 5 in Ranged Weapons
   833 | D:3      | Reached XP level 5. HP: 29/41 MP: 5/5
   833 | D:3      | Reached XP level 6. HP: 33/47 MP: 6/6
  1204 | D:3      | Identified the +4 ring mail "Zewafikoa" {*Corrode Fly
                  | Regen+ Slay+5}
  1256 | D:3      | Found a glowing golden altar of the Shining One.
  1664 | D:3      | Reached XP level 7. HP: 53/53 MP: 7/7
  1713 | D:4      | Reached skill level 4 in Fighting
  1778 | D:4      | Noticed Natasha
  1780 | D:4      | Killed Natasha
  1822 | D:4      | Found an ornate altar of the Wu Jian Council.
  1907 | D:4      | Noticed Menkaure
  1937 | D:4      | Killed Menkaure
  2056 | D:4      | Noticed Natasha
  2063 | D:4      | Killed Natasha
  2197 | D:5      | Entered Level 5 of the Dungeon
  2229 | D:5      | Reached XP level 8. HP: 61/61 MP: 8/8
  2351 | D:5      | Found a sand-covered staircase.
  2361 | Ossuary  | Entered an ossuary
  2361 | Ossuary  | Found a huge runed translucent gate.
  2361 | Ossuary  | Found a huge runed translucent gate.
  2361 | Ossuary  | Found a huge runed translucent gate.
  2361 | Ossuary  | Found a huge runed translucent gate.
  2361 | Ossuary  | Found a huge runed translucent gate.
  2361 | Ossuary  | Found a huge runed translucent gate.
  2361 | Ossuary  | Found a huge runed translucent gate.
  2361 | Ossuary  | Found a huge runed translucent gate.
  2362 | Ossuary  | Found a huge runed translucent gate.
  2362 | Ossuary  | Found a huge runed translucent gate.
  2362 | Ossuary  | Found a huge runed translucent gate.
  2363 | Ossuary  | Found a huge runed translucent gate.
  2363 | Ossuary  | Found a huge runed translucent gate.
  2365 | Ossuary  | Found a huge runed translucent gate.
  2365 | Ossuary  | Found a huge runed translucent gate.
  2375 | Ossuary  | Found a huge runed translucent gate.
  2375 | Ossuary  | Found a huge runed translucent gate.
  2375 | Ossuary  | Found a huge runed translucent gate.
  2375 | Ossuary  | Found a huge runed translucent gate.
  2375 | Ossuary  | Found a huge runed translucent gate.
  2376 | Ossuary  | Found a huge runed translucent gate.
  2376 | Ossuary  | Found a huge runed translucent gate.
  2378 | Ossuary  | Found a huge runed translucent gate.
  2378 | Ossuary  | Found a huge runed translucent gate.
  2379 | Ossuary  | Found a huge runed translucent gate.
  2379 | Ossuary  | Found a huge runed translucent gate.
  2380 | Ossuary  | Found a huge runed translucent gate.
  2380 | Ossuary  | Found a huge runed translucent gate.
  2385 | Ossuary  | Found a huge runed translucent gate.
  2385 | Ossuary  | Found a huge runed translucent gate.
  2392 | Ossuary  | Found a huge runed translucent gate.
  2392 | Ossuary  | Found a huge runed translucent gate.
  2392 | Ossuary  | Found a huge runed translucent gate.
  2392 | Ossuary  | Found a huge runed translucent gate.
  2392 | Ossuary  | Found a huge runed translucent gate.
  2411 | Ossuary  | Reached skill level 5 in Fighting
  2525 | D:5      | Found a staircase to the Ecumenical Temple.
  2532 | Temple   | Entered the Ecumenical Temple
  2558 | Temple   | Became a worshipper of Hepliaklqana the Forgotten
  2671 | D:5      | Found a shadowy altar of Dithmenos.
  2735 | D:5      | Reached skill level 5 in Dodging
  2742 | D:5      | Found a runed translucent door.
  2749 | D:5      | Noticed GreenGuy14's ghost (novice MiFi)
  3073 | D:5      | Found a runed translucent door.
  3146 | D:6      | Reached XP level 9. HP: 69/69 MP: 9/9
  3169 | D:6      | Noticed Jeremiah
  3184 | D:6      | Killed Jeremiah
  3185 | D:6      | Reached skill level 1 in Armour
  3298 | D:6      | Noticed BubbleThief's ghost (novice KoBr)
  3306 | D:6      | Found a runed translucent gate.
  3306 | D:6      | Found a runed translucent gate.
  3329 | D:6      | Found a runed translucent gate.
  3345 | D:6      | Reached * piety under Hepliaklqana
  3762 | D:7      | Reached skill level 1 in Evocations
  3875 | D:7      | Reached skill level 1 in Invocations
  4137 | D:7      | Found a snail-covered altar of Cheibriados.
  4137 | D:7      | Noticed Joseph
  4152 | D:7      | Killed Joseph
  4268 | D:7      | Reached ** piety under Hepliaklqana
  4269 | D:7      | Remembered your ancestor Qeorer as a battlemage
  4279 | D:7      | Reached XP level 10. HP: 68/68 MP: 11/11
  4720 | D:8      | Found a bloodstained altar of Trog.
  4870 | D:8      | Reached skill level 10 in Ranged Weapons
  5022 | D:8      | Found a flagged portal.
  5036 | Bailey   | Entered a bailey
  5046 | Bailey   | Noticed an orc warlord
  5103 | Bailey   | Found a runed translucent gate.
  5109 | Bailey   | Reached skill level 5 in Evocations
  5109 | Bailey   | Found a runed translucent gate.
  5123 | Bailey   | Found a runed translucent gate.
  5294 | Bailey   | Killed an orc warlord
  5363 | Bailey   | Acquired the +10 longbow "Qerac Ilo" {speed, rElec Int+4}
  5496 | D:8      | Reached *** piety under Hepliaklqana
  5764 | D:8      | Found a transporter.
  5765 | D:8      | Noticed backslashecho's ghost (novice MDFi)
  6110 | D:8      | Noticed a wizard
  6115 | D:8      | Killed a wizard
  6384 | D:9      | Noticed a meliai
  6386 | D:9      | Killed a meliai
  6387 | D:9      | Reached skill level 5 in Armour
  6429 | D:9      | Reached XP level 11. HP: 72/72 MP: 12/14
  6445 | D:9      | Found a staircase to the Orcish Mines.
  6556 | D:9      | Noticed a cyan ugly thing
  6556 | D:9      | Noticed a cyan ugly thing
  6557 | D:9      | Noticed a purple ugly thing
  6557 | D:9      | Noticed a cyan ugly thing
  6559 | D:9      | Found a corrupted altar of Lugonu.
  6581 | D:9      | Paralysed by a hornet for 3 turns
  6586 | D:9      | Paralysed by a hornet for 3 turns
  6682 | D:9      | Found a hide-covered altar of Uskayaw.
  6965 | D:10     | Entered Level 10 of the Dungeon
  7020 | D:10     | Found a staircase to the Lair.
  7230 | D:10     | Reached skill level 5 in Invocations
  7653 | D:10     | Found a basalt altar of Yredelemnul.
  7892 | D:9      | Found Voafiacs's Book Boutique.
  7930 | D:9      | Found a burning altar of Makhleb.
  7983 | D:9      | Reached **** piety under Hepliaklqana
  8007 | D:9      | Found a transporter.
  8011 | D:9      | Found a transporter.
  8100 | Lair:1   | Entered Level 1 of the Lair of Beasts
  8192 | D:10     | Reached XP level 12. HP: 66/78 MP: 16/16
  8370 | Lair:1   | Noticed Grum
  8378 | Lair:1   | Killed Grum
  8700 | Lair:1   | Identified the +0 robe "Rounwy" {rC- rCorr Str-4 Slay+5}
  8948 | Lair:1   | Noticed a catoblepas
  8963 | Lair:1   | Killed a catoblepas
  9289 | Lair:2   | Reached skill level 6 in Fighting
  9461 | Lair:2   | Found a hole to the Spider Nest.
  9583 | Lair:2   | Acquired a +2 hand cannon of freezing
  9712 | Lair:2   | Noticed a boulder beetle
  9722 | Lair:2   | Killed a boulder beetle
  9811 | Lair:2   | Reached ***** piety under Hepliaklqana
  9952 | Lair:2   | Found a staircase to the Shoals.
 10163 | Lair:2   | Reached XP level 13. HP: 85/85 MP: 17/17
 10994 | Lair:2   | Reached skill level 7 in Fighting
 11312 | Lair:3   | Identified the +5 falchion "Petompux" {drain, +Blink rN+}
 12124 | Lair:4   | Reached skill level 15 in Ranged Weapons
 12151 | Lair:4   | Reached skill level 8 in Fighting
 12638 | Lair:5   | Entered Level 5 of the Lair of Beasts
 12687 | Lair:5   | Reached XP level 14. HP: 58/95 MP: 19/19
 12719 | Lair:5   | Acquired an emergency dynamo {rPois Will+ rCorr Clar RMsl}
 12874 | Lair:5   | Found a staircase to the Slime Pits.
 13162 | Lair:5   | Noticed a dire elephant
 13171 | Lair:5   | Killed a dire elephant
 13172 | Lair:5   | Reached skill level 9 in Fighting
 13343 | Lair:5   | Identified the +7 dagger of Oddoqum {venom, rN++}
 13531 | Lair:5   | Found a runed translucent gate.
 13531 | Lair:5   | Found a runed translucent gate.
 13531 | Lair:5   | Found a runed translucent gate.
 13532 | Lair:5   | Noticed retardedninja's ghost (journeyman CoFi)
 13554 | Lair:5   | Found a glowing silver altar of Zin.
 14139 | Orc:1    | Entered Level 1 of the Orcish Mines
 14220 | Orc:2    | Entered Level 2 of the Orcish Mines
 14220 | Orc:2    | Noticed an orc warlord
 14228 | Orc:2    | Killed an orc warlord
 14758 | Orc:1    | Reached XP level 15. HP: 58/103 MP: 21/21
 14883 | Orc:2    | Found Ytramak's Antique Armour Emporium.
 14888 | Orc:2    | Found Lettaom's General Store.
 14888 | Orc:2    | Found Foce's Armour Emporium.
 14897 | Orc:2    | Found Leluc's Weapon Shop.
 14908 | Orc:2    | Found Qysoul's Armour Shoppe.
 14921 | Orc:2    | Bought 2 potions of cancellation for 288 gold pieces
 14921 | Orc:2    | Bought a wand of digging (2) for 151 gold pieces
 15055 | Orc:2    | Found a staircase to the Elven Halls.
 15207 | Orc:1    | Found Inezuled's Antique Armour Boutique.
 15207 | Orc:1    | Found Qunej's Book Boutique.
 15230 | Orc:1    | Bought a distressingly furry leather armour for 231 gold
                  | pieces
 15230 | Orc:1    | Identified the +0 leather armour "Teruos" {^Contam rF+
                  | Will+ Slay+4} (You bought it in a shop on level 1 of the
                  | Orcish Mines)
 15230 | Orc:1    | Bought a shimmering ring mail for 297 gold pieces
 15230 | Orc:1    | Identified the +4 ring mail "Nanuv" {rElec rPois Dex-5
                  | SInv} (You bought it in a shop on level 1 of the Orcish
                  | Mines)
 15498 | Orc:1    | Reached skill level 10 in Fighting
 15847 | Spider:1 | Entered Level 1 of the Spider Nest
 16303 | Spider:1 | Noticed an emperor scorpion
 16316 | Spider:1 | Killed an emperor scorpion
 17085 | Spider:2 | Reached skill level 10 in Dodging
 17382 | Spider:2 | HP: 4/105 [spark wasp[a torpor snail] (5)]
 17616 | Spider:2 | Reached XP level 16. HP: 111/111 MP: 23/23
 17780 | Spider:2 | Reached skill level 11 in Fighting
 18123 | Spider:3 | Reached skill level 10 in Invocations
 19784 | Spider:4 | Entered Level 4 of the Spider Nest
 19954 | Spider:3 | Reached skill level 12 in Fighting
 20758 | Spider:4 | Reached XP level 17. HP: 119/119 MP: 24/24
 21636 | Spider:4 | Identified the +2 hat of Happiness {Int+2}
 21649 | Spider:4 | Got a gossamer rune of Zot
 21859 | Shoals:1 | Entered Level 1 of the Shoals
 22256 | D:9      | Bought a book of Minor Magic for 208 gold pieces
 22259 | D:9      | Learned a level 2 spell: Blink
 22464 | Shoals:1 | Noticed a kraken
 22483 | Shoals:1 | Killed a kraken
 22551 | Shoals:1 | Reached skill level 1 in Translocations
 22564 | Shoals:1 | Noticed Jorgrun
 22572 | Shoals:1 | Killed Jorgrun
 22647 | Shoals:1 | Noticed a kraken
 22647 | Shoals:1 | Noticed a kraken
 22905 | Shoals:1 | Killed a kraken
 23125 | Shoals:1 | Killed a kraken
 23218 | Shoals:1 | Noticed a kraken
 23250 | Shoals:1 | Reached skill level 13 in Fighting
 24696 | Shoals:3 | Noticed a kraken
 24702 | Shoals:3 | Killed a kraken
 24703 | Shoals:3 | Reached skill level 5 in Translocations
 25037 | Shoals:3 | Reached XP level 18. HP: 124/128 MP: 25/25
 25042 | Shoals:3 | Found Decs's Antique Weapon Shop.
 25289 | Shoals:3 | Identified the +5 chain mail "Amuserch" {Int+3}
 25787 | Shoals:4 | Entered Level 4 of the Shoals
 27234 | Shoals:4 | Identified the +9 mace of Zomil {distort, Dex+2}
 27523 | Shoals:4 | Reached skill level 14 in Fighting
 27672 | Shoals:4 | Got a barnacled rune of Zot
 28355 | D:11     | Noticed Josephine
 28359 | D:11     | Killed Josephine
 28563 | D:11     | Found Baud's Weapon Emporium.
 29122 | D:11     | Found a transporter.
 29501 | D:12     | Reached skill level 10 in Evocations
 30248 | D:13     | Reached ****** piety under Hepliaklqana
 30303 | D:14     | Reached XP level 19. HP: 137/137 MP: 26/26
 30481 | D:14     | Found a gate leading to a gauntlet.
 30490 | Gauntlet | Entered a Gauntlet
 30490 | Gauntlet | Found a transporter.
 30501 | Gauntlet | Found a transporter.
 30503 | Gauntlet | Found a transporter.
 30514 | Gauntlet | Found a transporter.
 30517 | Gauntlet | Found a transporter.
 30526 | Gauntlet | Found a transporter.
 30547 | Gauntlet | Found a transporter.
 30558 | Gauntlet | Found a transporter.
 30569 | Gauntlet | Found a transporter.
 30584 | Gauntlet | Found a runed translucent door.
 30584 | Gauntlet | Found a runed translucent door.
 30588 | Gauntlet | Found a transporter.
 30602 | Gauntlet | Found a transporter.
 30602 | Gauntlet | Found a transporter.
 30651 | Gauntlet | Found a transporter.
 30665 | Gauntlet | Found a transporter.
 31353 | D:14     | Identified the +3 robe of Waehuhuc {Dex+3}
 31525 | D:14     | Paralysed by a hornet for 3 turns
 31574 | D:14     | Identified the ring "Olenn" {Ice Will+}
 31580 | D:14     | Identified the staff of the Pyrrhic Victory {rN+ Str+5
                  | Dex+3 SInv Necro}
 32027 | D:14     | Found a gate to the Vaults.
 32059 | D:15     | Entered Level 15 of the Dungeon
 32092 | D:15     | Reached skill level 15 in Fighting
 32103 | D:15     | Found a hide-covered altar of Uskayaw.
 32168 | D:15     | Noticed Louise
 32179 | D:15     | Killed Louise
 32318 | D:15     | Found a staircase to the Depths.
 32609 | D:15     | Found a runed translucent door.
 32671 | D:15     | Noticed Rupert
 32682 | D:15     | Killed Rupert
 33195 | Vaults:1 | Entered Level 1 of the Vaults
 33239 | Vaults:1 | Noticed Norris
 33248 | Vaults:1 | Killed Norris
 33393 | Vaults:1 | Found Qedudy's Jewellery Boutique.
 33409 | Vaults:1 | Found Teiwkioc's Jewellery Boutique.
 33587 | Vaults:1 | Noticed Asterion
 33596 | Vaults:1 | Killed Asterion
 33712 | Vaults:1 | Found Tilet's Jewellery Boutique.
 33810 | Vaults:1 | Found Ywof's Book Shop.
 33941 | Vaults:1 | Noticed Donald
 33946 | Vaults:1 | Killed Donald
 33995 | Vaults:1 | Reached skill level 16 in Fighting
 34136 | Vaults:1 | Reached skill level 15 in Dodging
 34142 | Vaults:1 | Reached XP level 20. HP: 148/148 MP: 27/27
 34151 | Vaults:1 | Noticed Saint Roka
 34160 | Vaults:1 | Killed Saint Roka
 34399 | Vaults:1 | Found Oseelodu's Antique Weapon Shoppe.
 34538 | Vaults:1 | Identified the +4 scale mail of Fun and Games {^Contam
                  | Str+2 Int+3 Dex+5}
 35214 | Vaults:2 | Reached skill level 17 in Fighting
 35718 | Vaults:2 | Noticed Zenata
 36151 | Vaults:2 | Killed Zenata
 36593 | Vaults:2 | Found a staircase to the Crypt.
 36750 | Vaults:3 | Learned a level 4 spell: Dimensional Bullseye
 36754 | Vaults:3 | Learned a level 3 spell: Fugue of the Fallen
 36800 | Vaults:3 | Reached skill level 1 in Necromancy
 36801 | Vaults:3 | Identified the +7 trident "Tyfuog" {flame, ^Fragile rC+
                  | Int+4 Dex+3}
 36809 | Vaults:3 | Reached skill level 1 in Hexes
 37489 | Vaults:3 | Reached XP level 21. HP: 158/158 MP: 28/28
 37600 | Vaults:3 | Found Eluton's Assorted Antiques.
 38399 | Vaults:3 | Reached skill level 18 in Fighting
 39277 | Vaults:4 | Reached skill level 5 in Necromancy
 39375 | Vaults:4 | Acquired 1169 gold pieces
 39834 | Vaults:2 | Reached skill level 5 in Hexes
 40254 | D:5      | Killed GreenGuy14's ghost
 40325 | D:6      | Killed BubbleThief's ghost
 40410 | D:8      | Found a transporter.
 40421 | D:8      | Killed backslashecho's ghost
 40816 | Lair:5   | Killed retardedninja's ghost
 41116 | Elf:1    | Entered Level 1 of the Elven Halls
 41132 | Elf:1    | Paralysed by an air elemental for 1 turns
 41229 | Elf:1    | Found Xaoh's Jewellery Shop.
 41231 | Elf:1    | Found Esiyf's General Store.
 41232 | Elf:1    | Found Nacex's Distillery.
 41233 | Elf:1    | Found Voplush's General Store.
 41239 | Elf:1    | Bought 2 potions of curing for 96 gold pieces
 41239 | Elf:1    | Bought a scroll of teleportation for 48 gold pieces
 41239 | Elf:1    | Bought a potion of cancellation for 128 gold pieces
 41242 | Elf:1    | Bought a wand of iceblast (4) for 124 gold pieces
 41242 | Elf:1    | Bought a scroll of teleportation for 39 gold pieces
 41245 | Elf:1    | Bought a potion of curing for 45 gold pieces
 41245 | Elf:1    | Bought a potion of heal wounds for 75 gold pieces
 41245 | Elf:1    | Bought a potion of enlightenment for 75 gold pieces
 41245 | Elf:1    | Bought a potion of curing for 45 gold pieces
 41245 | Elf:1    | Bought a potion of invisibility for 120 gold pieces
 41245 | Elf:1    | Bought a potion of heal wounds for 75 gold pieces
 41636 | Elf:1    | Reached XP level 22. HP: 164/166 MP: 29/29
 41653 | Elf:1    | Found an ancient bone altar of Kikubaaqudgha.
 42598 | Elf:2    | Found a runed translucent gate.
 42598 | Elf:2    | Found a runed translucent gate.
 42602 | Elf:2    | Found a runed translucent gate.
 42705 | Elf:2    | Found Ajadghat's Book Boutique.
 42705 | Elf:2    | Found Ruwypnore's Jewellery Emporium.
 42706 | Elf:2    | Found Kyuneit's Book Boutique.
 42930 | Elf:2    | Reached skill level 10 in Translocations
 43470 | Depths:1 | Entered Level 1 of the Depths
 43770 | Depths:1 | Found a gateway to Hell.
 43902 | Depths:1 | Found a magical portal.
 43925 | WizLab   | Entered Lehudib's Moon Base
 43958 | WizLab   | Reached skill level 19 in Fighting
 44256 | WizLab   | Found a transporter.
 44752 | WizLab   | Found a transporter.
 44969 | WizLab   | Identified the amulet of the Genius {rN+ Will- Regen+ Str+3
                  | Stlth+}
 44978 | WizLab   | Identified the +2 trident "Huclu" {venom, rPois Dex+3}
 44989 | WizLab   | Got the Tractate on Adjuration
 45142 | Depths:1 | Reached skill level 1 in Stealth
 45608 | Depths:2 | Reached XP level 23. HP: 175/175 MP: 30/30
 46105 | Depths:2 | Noticed a juggernaut
 46115 | Depths:2 | Killed a juggernaut
 46307 | Depths:2 | Noticed Vv
 46329 | Depths:2 | Killed Vv
 46527 | Depths:2 | Found a one-way gate leading to the halls of Pandemonium.
 46754 | Depths:2 | Noticed a golden dragon
 46762 | Depths:2 | Killed a golden dragon
 46820 | Depths:3 | Found a runed translucent gate.
 46821 | Depths:3 | Found a runed translucent gate.
 46822 | Depths:3 | Found a runed translucent gate.
 47193 | Depths:3 | Reached skill level 20 in Fighting
 47493 | Depths:3 | Found a one-way gate to the infinite horrors of the Abyss.
 47827 | Depths:3 | Noticed Cein's ghost (veteran DgCj)
 47827 | Depths:3 | Noticed cjoo's ghost (veteran TeSu)
 47882 | Depths:4 | Entered Level 4 of the Depths
 48009 | Depths:4 | Noticed a juggernaut
 48117 | Depths:3 | Reached skill level 5 in Stealth
 48302 | Depths:4 | Killed a juggernaut
 48372 | Depths:4 | Noticed a golden dragon
 48379 | Depths:4 | Killed a golden dragon
 48382 | Depths:4 | Noticed a golden dragon
 48386 | Depths:4 | Killed a golden dragon
 48496 | Depths:4 | Noticed a golden dragon
 48507 | Depths:4 | Killed a golden dragon
 48529 | Depths:4 | Found a gate to the Realm of Zot.
 48841 | Depths:4 | Found a one-way gateway to a ziggurat.
 49738 | Slime:1  | Entered Level 1 of the Pits of Slime
 49751 | Slime:1  | Reached XP level 24. HP: 184/184 MP: 30/30
 50510 | Slime:3  | Gained mutation: You are clumsy. (Dex -2) [a shining eye]
 50938 | Slime:3  | Reached skill level 10 in Hexes
 51352 | Slime:4  | Gained mutation: You are weak. (Str -2) [a shining eye]
 51396 | Slime:4  | Paralysed by a formless jellyfish for 1 turns
 51677 | Slime:5  | Entered Level 5 of the Pits of Slime
 51691 | Slime:5  | Paralysed by a formless jellyfish for 1 turns
 51694 | Slime:5  | Paralysed by a formless jellyfish for 1 turns
 51695 | Slime:5  | Found a viscous altar of Jiyva.
 51698 | Slime:5  | Noticed the Royal Jelly
 51698 | Slime:5  | Paralysed by a formless jellyfish for 1 turns
 52348 | Slime:5  | Killed the Royal Jelly
 52571 | Slime:5  | Got a slimy rune of Zot
 52588 | Slime:5  | Got the Spellbook of Illusory Damage
 52632 | Slime:5  | Identified the +1 helmet "Eduludoe" {MP-9 Int+4 Dex+5}
 52661 | Slime:5  | Identified the +3 spear of Bodily Humours {pain, ^Drain
                  | Dex+3 Stlth+}
 53111 | Zot:1    | Entered Level 1 of the Realm of Zot
 53201 | Zot:1    | Noticed a curse toe
 53211 | Zot:1    | Killed a curse toe
 53323 | Zot:3    | Reached skill level 21 in Fighting
 53711 | Zot:4    | Found a transporter.
 53942 | Zot:4    | Found a transporter.
 54361 | Zot:5    | Entered Level 5 of the Realm of Zot
 54361 | Zot:5    | Noticed an orb of fire
 54408 | Zot:5    | Killed an orb of fire
 54409 | Zot:5    | Reached XP level 25. HP: 139/192 MP: 23/30
 54569 | Zot:5    | Acquired a +2 hand cannon of draining
 54974 | Zot:5    | Noticed an ancient lich
 54976 | Zot:5    | Noticed an orb of fire
 54976 | Zot:5    | Gained mutation: You are vulnerable to cold. (rC-) [an orb
                  | of fire]
 54977 | Zot:5    | Gained mutation: You are very clumsy. (Dex -4) [an orb of
                  | fire]
 54978 | Zot:5    | Killed an ancient lich
 54984 | Zot:5    | Killed an orb of fire
 55007 | Zot:5    | Lost mutation: You are weak. (Str -2) [potion of mutation]
 55007 | Zot:5    | Lost mutation: You are very clumsy. (Dex -4) [potion of
                  | mutation]
 55007 | Zot:5    | Gained mutation: You are occasionally teleported next to
                  | monsters. [potion of mutation]
 55007 | Zot:5    | Gained mutation: Your muscles are strong. (Str +4, Int/Dex
                  | -1) [potion of mutation]
 55007 | Zot:5    | Gained mutation: A frigid envelope surrounds you and
                  | freezes all who hurt you. [potion of mutation]
 55008 | Zot:5    | Lost mutation: Your muscles are strong. (Str +4, Int/Dex
                  | -1) [potion of mutation]
 55008 | Zot:5    | Lost mutation: You are vulnerable to cold. (rC-) [potion of
                  | mutation]
 55008 | Zot:5    | Gained mutation: You are vulnerable to cold. (rC-) [potion
                  | of mutation]
 55011 | Zot:4    | Lost mutation: You are vulnerable to cold. (rC-) [potion of
                  | mutation]
 55011 | Zot:4    | Lost mutation: You are occasionally teleported next to
                  | monsters. [potion of mutation]
 55011 | Zot:4    | Lost mutation: A frigid envelope surrounds you and freezes
                  | all who hurt you. [potion of mutation]
 55011 | Zot:4    | Gained mutation: Your muscles are strong. (Str +4, Int/Dex
                  | -1) [potion of mutation]
 55011 | Zot:4    | Gained mutation: Your muscles are very strong. (Str +8,
                  | Int/Dex -2) [potion of mutation]
 55095 | Zot:5    | Noticed an orb of fire
 55103 | Zot:5    | Killed an orb of fire
 55170 | Zot:5    | Noticed an orb of fire
 55173 | Zot:5    | Noticed an ancient lich
 55174 | Zot:5    | Noticed an ancient lich
 55178 | Zot:5    | Gained mutation: Your body sometimes deteriorates upon
                  | taking damage. [an orb of fire]
 55179 | Zot:5    | Killed an orb of fire
 55308 | Zot:5    | Killed an ancient lich
 55325 | Zot:5    | Noticed an ancient lich
 55332 | Zot:5    | Killed an ancient lich
 55373 | Zot:5    | Noticed an ancient lich
 55380 | Zot:5    | Killed an ancient lich
 55390 | Zot:5    | Noticed an ancient lich
 55394 | Zot:5    | Killed an ancient lich
 55395 | Zot:5    | Noticed a Killer Klown
 55397 | Zot:5    | Killed an ancient lich
 55403 | Zot:5    | Noticed a Killer Klown
 55406 | Zot:5    | Killed a Killer Klown
 55412 | Zot:5    | Killed a Killer Klown
 55413 | Zot:5    | Reached skill level 22 in Fighting
 55440 | Zot:5    | Noticed an orb of fire
 55441 | Zot:5    | Gained mutation: You do not regenerate when monsters are
                  | visible. [an orb of fire]
 55441 | Zot:5    | Gained mutation: You are vulnerable to heat. (rF-) [an orb
                  | of fire]
 55445 | Zot:5    | Killed an orb of fire
 55524 | Zot:5    | Noticed a Killer Klown
 55526 | Zot:5    | Killed a Killer Klown
 55665 | Zot:5    | Noticed an ancient lich
 55685 | Zot:5    | Noticed a Killer Klown
 55689 | Zot:5    | Killed an ancient lich
 55692 | Zot:5    | Killed a Killer Klown
 55693 | Zot:5    | Reached XP level 26. HP: 189/203 MP: 30/30
 55731 | Zot:5    | Noticed an ancient lich
 55737 | Zot:5    | Killed an ancient lich
 55738 | Zot:5    | Lost mutation: Your muscles are very strong. (Str +8,
                  | Int/Dex -2) [potion of mutation]
 55738 | Zot:5    | Lost mutation: You are clumsy. (Dex -2) [potion of
                  | mutation]
 55738 | Zot:5    | Lost mutation: Your body sometimes deteriorates upon taking
                  | damage. [potion of mutation]
 55738 | Zot:5    | Gained mutation: Armour fits poorly on your strangely
                  | shaped body. [potion of mutation]
 55738 | Zot:5    | Gained mutation: Your magical capacity is low. (-10% MP)
                  | [potion of mutation]
 55739 | Zot:5    | Lost mutation: You are vulnerable to heat. (rF-) [potion of
                  | mutation]
 55739 | Zot:5    | Lost mutation: Your magical capacity is low. (-10% MP)
                  | [potion of mutation]
 55739 | Zot:5    | Lost mutation: Armour fits poorly on your strangely shaped
                  | body. [potion of mutation]
 55739 | Zot:5    | Gained mutation: You have a pair of small horns on your
                  | head. [potion of mutation]
 55739 | Zot:5    | Gained mutation: You possess an exceptional clarity of
                  | mind. [potion of mutation]
 55739 | Zot:5    | Gained mutation: You are robust. (+10% HP) [potion of
                  | mutation]
 55739 | Zot:5    | Gained mutation: Your skin changes colour to match your
                  | surroundings (Stealth+). [potion of mutation]
 55744 | Zot:5    | Noticed an orb of fire
 55745 | Zot:5    | Gained mutation: Your spells are a little easier to cast,
                  | but a little less powerful. [an orb of fire]
 55748 | Zot:5    | Killed an orb of fire
 56003 | Zot:5    | Got the Orb of Zot
 56177 | Zot:3    | Noticed Zesup the pandemonium lord
 56202 | Zot:2    | Noticed Elloiruz the pandemonium lord
 56223 | Zot:1    | Noticed Difun the pandemonium lord
 56252 | Zot:1    | Killed Difun the pandemonium lord
 56769 | D:$      | Escaped with the Orb!

Illustrated notes

Levels and vault maps discovered:
D:1:      psy_arrival_heroes, layout_basic
D:2:      layout_rooms
D:3:      layout_loops_cross, tso_altar, serial_park_tiny_pond,
          minmay_ogre_servants, uniq_sigmund
D:4:      layout_basic, nzn_wu_jian_contemplation, uniq_menkaure, uniq_natasha
D:5:      layout_basic, amcnicky_altar_gilded, minmay_temple_entry_purple_smoke,
          nicolae_ossuary_entry_ruins, ebering_ghost_sewer_f
D:6:      layout_rooms, gammafunk_ghost_split, serial_rivers,
          chequers_serial_rivers_room_b, chequers_serial_rivers_large_a,
          chequers_serial_rivers_small_3, chequers_serial_rivers_micro_d,
          uniq_jeremiah
D:7:      layout_basic, slow_altar_2, serial_co_window_serial,
          co_window_paths_b, co_window_corner_a, co_window_paths_b,
          co_window_paths_a, co_window_paths_a, co_window_paths_a,
          co_window_paths_a, co_window_corner_a, co_window_corner_a,
          co_window_2corner, co_window_paths_c, co_window_corner_ca,
          glass_columns_a, glass_columns_c, glass_columns_a, uniq_joseph
D:8:      layout_layer_cave, trog_wizard, gammafunk_ghost_smash, enter_bailey_5
D:9:      gammafunk_corrupted_shrine, layout_loops_cross,
          mainiacjoe_overflow_24_doors, kennysheep_mini, orc_0_dummy,
          serial_shops, nicolae_shop_gibbet_a_chance
D:10:     wad_river_or_something, layout_rooms, general_overflow_altar,
          dpeg_oklobed_lair, minivault_16
D:11:     layout_gridville, special_room [special_room_orc], serial_shops,
          nicolae_shop_pleasant_corner_grove, nicolae_diode_basic,
          uniq_josephine
D:12:     layout_rooms
D:13:     layout_roguey
D:14:     minmay_the_grid_square_5x5_4x4 [minmay_the_grid_square_5x5_n_small,
          minmay_the_grid_square_5x5_eight, minmay_the_grid_square_5x5_plus,
          minmay_the_grid_square_5x5_six, minmay_the_grid_square_5x5_checkered,
          minmay_the_grid_square_5x5_prize_open,
          minmay_the_grid_square_5x5_prize_rear_guard,
          minmay_the_grid_square_5x5_hollow_slash,
          minmay_the_grid_square_5x5_tetrominoes,
          minmay_the_grid_square_5x5_prize_junk,
          minmay_the_grid_square_5x5_prize_deathbox,
          minmay_the_grid_square_5x5_percent,
          minmay_the_grid_square_5x5_detours, minmay_the_grid_square_5x5_comb,
          minmay_the_grid_square_5x5_dogpile,
          minmay_the_grid_square_5x5_beaten_path], layout_irregular_city,
          david_vaults_4, gauntlet_entry_generic, serial_park_square3
          [serial_park_minivault_5x5_1], corexii_hall_statues_deadend,
          grunt_ministairs_5
D:15:     grunt_enter_depths_giant_problem, layout_basic,
          nicolae_uskayaw_en_pointe, nicolae_danse_macabre, uniq_rupert,
          uniq_louise
Temple:   minmay_temple_curvy_branch
Lair:1:   layout_cave_pods, uniq_grum
Lair:2:   layout_layer_cave, mainiacjoe_shoals_entry_four_pools,
          nicolae_spider_entry_lesser_pyramids, beast_lair_carwin_10,
          grunt_megastairs_5, lemuel_fruit_fields
Lair:3:   layout_roguey, lemuel_fruit_tree
Lair:4:   layout_long_grid
Lair:5:   hangedman_lair_in_review, layout_long_grid, slime_entry_1,
          gammafunk_ghost_hydra_chop, basic_altar
Shoals:1: nicolae_shoals_lighthouse, layout_shoals, uniq_jorgrun
Shoals:2: layout_shoals, nicolae_shoals_pincushion_passage
Shoals:3: layout_shoals, serial_shops, nicolae_shop_waterfront
Shoals:4: shoals_end_hellmonk_lost_city
Spider:1: layout_spider_delve, nicolae_spider_paper_wasps
Spider:2: layout_spider_delve
Spider:3: nicolae_spider_hilbert_zone_3 [nicolae_spider_hilbert_4_sides_2_open,
          nicolae_spider_hilbert_3_sides_1_open,
          nicolae_spider_hilbert_3_sides_1_open,
          nicolae_spider_hilbert_3_sides_1_open,
          nicolae_spider_hilbert_3_sides_1_open,
          nicolae_spider_hilbert_4_sides_1_open,
          nicolae_spider_hilbert_4_sides_1_open,
          nicolae_spider_hilbert_4_sides_1_open,
          nicolae_spider_hilbert_4_sides_1_open,
          nicolae_spider_hilbert_4_sides_1_open,
          nicolae_spider_hilbert_4_sides_1_open,
          nicolae_spider_hilbert_4_sides_1_open,
          nicolae_spider_hilbert_4_sides_1_open,
          nicolae_spider_hilbert_3_sides_1_open,
          nicolae_spider_hilbert_3_sides_1_open,
          nicolae_spider_hilbert_3_sides_1_open,
          nicolae_spider_hilbert_3_sides_1_open], drop_trap
Spider:4: grunt_spider_rune_circles
Slime:1:  layout_caves, cheibrodos_slime_lost_civilization_5
Slime:2:  layout_caves
Slime:3:  layout_caves, nicolae_slime_barrier
Slime:4:  layout_caves, nicolae_slime_phagocytosis
Slime:5:  slime_pit_nicolae_trefoil
Orc:1:    cheibrodos_orc_arena, layout_caves, portal_ice_cave_demonic_guard,
          serial_shops, shop, nicolae_shop_stone
Orc:2:    st_orc_open, layout_caves, serial_shops,
          nicolae_shop_advertising_works [nicolae_subvault_shop_adworks]
Elf:1:    nicolae_elf_arrival_aired_out, layout_onion_city, guppyfry_elf_altar,
          minmay_shop_grid_forest
Elf:2:    nicolae_elf_blades_splatter_lattice
          [nicolae_blade_entry_crossed_weapons], layout_geoelf_octagon,
          minmay_shop_grove
Vaults:1: hangedman_vaults_locks, hangedman_vaults_restitches,
          nicolae_vaults_triangles, vaults_dpeg_spiral, vaults_room_pools,
          ontoclasm_vaults_loading_screen, nicolae_vaults_mini_display_case,
          v_rooms_5, nicolae_vaults_little_squares_3,
          nicolae_vaults_more_shelving_2, nicolae_vaults_trapezoid_2,
          vaults_dpeg_hooks, layout_vaults_maze_bifur, serial_shops, shop, shop,
          nicolae_shop_tiny_glass, shop, shop, uniq_asterion, uniq_norris,
          uniq_donald, uniq_saint_roka
Vaults:2: minmay_crypt_entry_vampire_xt, v_misc_1, v_rooms_2,
          grunt_vaults_funnel, nicolae_vaults_house_1, v_misc_10,
          nicolae_vaults_trapezoid_lopsided_1,
          nicolae_vaults_surprise_closet_hard, nicolae_vaults_tetromino_L_1,
          layout_vaults_omnigrid, uniq_zenata
Vaults:3: nicolae_vaults_mitosis, ontoclasm_vaults_ring_square,
          vaults_dpeg_emergency_exit, v_alt_pattern_6,
          ontoclasm_vaults_fire_temple, hangedman_vaults_restitches,
          nicolae_vaults_cornered_office, grunt_vaults_swirl,
          nicolae_vaults_layer_cake_slice, vaults_room_corners,
          layout_vaults_ring, serial_shops, shop_statue
Vaults:4: nicolae_vaults_tangram_2, nicolae_vaults_ring_of_whatevers,
          vaults_mumra_minichess, nicolae_vaults_network_star, v_pattern_4,
          nicolae_vaults_sightless_eye, nicolae_vaults_turnstiles,
          nicolae_vaults_closet_pinwheel_1, nicolae_vaults_cochlea,
          nicolae_vaults_tetromino_T_1, layout_vaults_omnicross
Depths:1: layout_small_grid, lightli_too_deep, lightli_enter_wizlab_magi_temple,
          kennysheep_generic_room_8
Depths:2: hangedman_cross_veins, layout_cave_pools,
          chequers_serial_rivers_micro_b, pan_entry, grunt_hell_entry_dis_grunt,
          chequers_serial_rivers_micro_d, infiniplex_staircase_trident, uniq_vv
Depths:3: minmay_haunted_quarter, layout_honeycomb, gammafunk_ghost_cemetery,
          pf_hell_entry_great_geh, abyss_entry
Depths:4: grunt_crosshair, layout_small_grid, enter_ziggurat_b,
          minmay_misc_feat_diagonals, rand_demon_pan_entry_5, hell_entry,
          grunt_ministairs_4, minivault_16, serial_bayou_shore_b
Zot:1:    layout_gridlike, regret_index_zotdec_ex,
          regret_index_zotdec_glowing_original, zot_minivault_4
Zot:2:    layout_gridville, regret_index_zotdec_barnacled_simple,
          hangedman_spider_trapstep
Zot:3:    layout_cellular_growth, amethyst_zot_foddershock
Zot:4:    gammafunk_dig_for_victory, layout_gridlike
Zot:5:    layout_misc_corridors, kennysheep_underground_church

Skill      XL: |  1  2  3  4  5  6  7  8  9 10 11 12 13 14 15 16 17 18 19 20 21 22 23 24 25 26 |
---------------+-------------------------------------------------------------------------------+-----
Dodging        | 2 3 4 5 6 7 9 10 11 12 13 15 16 17 18 19 20 21 | 21.3
Ranged Weapons | 4 5 6 8 9 11 12 14 15 16 17 18 19 20 | 20.0
Fighting       | 3 4 5 6 8 9 10 12 13 14 16 17 18 19 20 21 22 | 22.9
Armour         | 3 5 6 7 |  7.6
Evocations     | 3 6 10 12 | 12.0
Invocations    | 2 4 5 6 7 8 9 10 | 10.0
Translocations | 5 7 9 10 11 12 | 12.0
Necromancy     | 2 6 8 |  8.0
Hexes          | 2 5 7 9 11 12 | 12.0
Stealth        | 2 6 8 9 |  9.0

Action                     |  1- 3 |  4- 6 |  7- 9 | 10-12 | 13-15 | 16-18 | 19-21 | 22-24 | 25-27 || total
---------------------------+-------+-------+-------+-------+-------+-------+-------+-------+-------++-------
  Melee: Sling             |       |     6 |       |       |       |       |       |       |       ||     6
   Fire: Sling             |   118 |   172 |   476 |   205 |    10 |       |       |       |       ||   981
         Longbow           |       |       |       |   332 |   829 |  1566 |  1435 |  1748 |    37 ||  5947
         Hand cannon       |       |       |       |    25 |    10 |       |       |       |   398 ||   433
   Cast: Blink             |       |       |       |       |       |       |     1 |       |       ||     1
         Fugue of the Fall |       |       |       |       |       |       |     5 |    33 |       ||    38
         Dimensional Bulls |       |       |       |       |       |       |       |     1 |       ||     1
 Invoke: Ancestor Life: Ba |       |       |     1 |       |       |       |       |       |       ||     1
         Idealise          |       |       |       |     1 |    10 |     3 |     5 |    11 |     8 ||    38
         Recall Ancestor   |       |       |       |     1 |     1 |     9 |     1 |     5 |     5 ||    22
Ability: Invent Gizmo      |       |       |       |       |     1 |       |       |       |       ||     1
  Evoke: Wand              |       |       |       |       |    21 |    28 |     4 |       |       ||    53
         Phial of floods   |       |       |       |       |       |       |     1 |     1 |       ||     2
    Use: Scroll            |       |       |       |    17 |    14 |     9 |     9 |     8 |    17 ||    74
         Potion            |       |       |       |       |     2 |     5 |     4 |     5 |     9 ||    25
 Armour: Leather armour    |     3 |    28 |       |       |       |       |       |       |       ||    31
         Ring mail         |       |     3 |    59 |    89 |   202 |   360 |   121 |    15 |       ||   849
         Troll leather arm |       |       |       |       |       |       |       |   171 |    50 ||   221
  Dodge: Dodged            |     5 |    15 |    40 |    62 |   169 |   343 |   222 |   236 |    71 ||  1163
         Repelled          |       |       |       |       |     3 |    34 |    47 |    43 |    13 ||   140

Table legend: (Time is in decaauts)
 A = Elapsed time spent in this place.
 B = Non-inter-level travel time spent in this place.
 C = Inter-level travel time spent in this place.
 D = Time resting spent in this place.
 E = Time spent auto-exploring this place.
 F = Levels seen in this place.
 G = Mean time per level.
                   A        B        C        D        E       F      G
               +--------+--------+--------+--------+--------+-----+--------+
         Total |  54539 |  48705 |   5834 |   9201 |  23621 |  55 |  991.6 |
       Dungeon |  13843 |  11232 |   2611 |   1044 |   7940 |  15 |  922.9 |
        Temple |     51 |      2 |     49 |      0 |      0 |   1 |   51.0 |
          Lair |   6849 |   5644 |   1205 |    950 |   3655 |   5 | 1369.8 |
        Shoals |   5643 |   5370 |    273 |   1511 |   1089 |   4 | 1410.8 |
   Spider Nest |   5628 |   5453 |    175 |   1910 |   1830 |   4 | 1407.0 |
    Slime Pits |   2788 |   2673 |    115 |    256 |    950 |   5 |  557.6 |
  Orcish Mines |   1489 |   1359 |    130 |    294 |    580 |   2 |  744.5 |
   Elven Halls |   2011 |   1868 |    143 |    129 |   1242 |   2 | 1005.5 |
        Vaults |   6294 |   5865 |    429 |   1319 |   3044 |   4 | 1573.5 |
        Depths |   4751 |   4334 |    417 |    625 |   2625 |   4 | 1187.8 |
           Zot |   3092 |   2808 |    284 |    867 |    254 |   5 |  618.4 |
       Ossuary |    158 |    158 |      0 |     19 |     53 |   1 |  158.0 |
        Bailey |    422 |    422 |      0 |      0 |    124 |   1 |  422.0 |
        Wizlab |   1002 |   1002 |      0 |    159 |     37 |   1 | 1002.0 |
      Gauntlet |    512 |    512 |      0 |    116 |    198 |   1 |  512.0 |
               +--------+--------+--------+--------+--------+-----+--------+

Top non-repeatable levels by time:
  Lair:2: 2243 daAuts
Vaults:2: 2023 daAuts
Shoals:3: 1730 daAuts
Spider:3: 1657 daAuts
  Lair:5: 1628 daAuts
Spider:4: 1589 daAuts
Vaults:1: 1582 daAuts
Shoals:4: 1559 daAuts
   Zot:5: 1496 daAuts
Vaults:3: 1492 daAuts
     D:8: 1450 daAuts
    D:10: 1411 daAuts
    D:14: 1408 daAuts
Spider:2: 1406 daAuts
     D:9: 1379 daAuts
